 Dungeon Crawl Stone Soup version 0.31-a0-675-g238779eb0a (webtiles) character file.

Game seed: 16770308539860211529

509 qw the Shooter (level 7, -7/43 HPs)
             Began as a Gargoyle Hunter on Sept 5, 2023.
             Mangled by a hornet (9 damage)
             ... on level 5 of the Dungeon.
             The game lasted 00:01:19 (3994 turns).

qw the Shooter (Gargoyle Hunter)                    Turns: 3994, Time: 00:01:20

Health: -7/43      AC: 12    Str: 15    XL:     7   Next: 19%
Magic:  0/7        EV: 11    Int:  7    God:
Gold:   176        SH:  0    Dex: 15    Spells: 6/6 levels left

rFire   . . .        Y - +0 shortbow
rCold   + . .        (shield currently unavailable)
rNeg    + + .        i - +0 ring mail
rPois   inf          (no helmet)
rElec   +            (no cloak)
rCorr   .            n - +0 pair of gloves
SInv    .            e - +0 pair of boots
Will    .....        f - amulet of guardian spirit
Stlth   +            j - ring of protection from cold
HPRegen 0.27/turn    g - ring of positive energy
MPRegen 0.10/turn

%: guardian spirit
@: about to teleport
A: sickness immunity, AC +4, negative energy resistance 1, electricity
resistance, torment resistance 1, petrification resistance, dopey 1
a: no special abilities


You were on level 5 of the Dungeon.
You visited 2 branches of the dungeon, and saw 6 of its levels.

You collected 176 gold pieces.


Innate Abilities, Weirdness & Mutations

You are immune to sickness and miasma.
Your stone body is resilient. (AC +4)
You are immune to poison.
You resist negative energy. (rN+)
You are resistant to electric shocks. (rElec)
You are resistant to unholy torment.
You are immune to petrification.
You are dopey. (Int -2)


   Skills:
 - Level 4.3 Fighting
 + Level 7.3 Ranged Weapons
 - Level 2.2 Armour
 - Level 1.5 Dodging
 - Level 1.1 Stealth


You had 6 spell levels left.
You didn't know any spells.
Your spell library was empty.

Inventory:

Hand Weapons
 Y - a +0 shortbow (weapon)
Armour
 e - a +0 pair of boots (worn)
 i - a +0 ring mail (worn)
 n - a +0 pair of gloves (worn)
Jewellery
 c - an amulet of the acrobat
 f - an amulet of guardian spirit (around neck)
 g - a ring of positive energy (right hand)
 j - a ring of protection from cold (left hand)
Scrolls
 p - 2 scrolls of identify
Potions
 a - a potion of invisibility {unknown}
 b - a potion of mutation
 d - a potion of might {unknown}
 h - a potion of curing
 k - a potion of lignification {unknown}
 l - a potion of brilliance {unknown}
 m - a potion of magic {unknown}
 o - a potion of haste

Dungeon Overview and Level Annotations

Branches:
Dungeon (5/15)             Temple (1/1) D:4

Altars:
Ashenzari
Cheibriados
Dithmenos
Elyvilon
Fedhas
Hepliaklqana
Kikubaaqudgha
Nemelex Xobeh
Qazlal
Ru
Sif Muna
Trog
Uskayaw
Wu Jian
Xom
Yredelemnul
Zin
The Shining One


Message History

You shoot an arrow. The arrow hits the hornet.
The hornet is moderately wounded.
The hornet stings you! The hornet misses you.
You shoot an arrow.
The arrow hits the hornet but does no damage.
The hornet is moderately wounded.
The hornet barely misses you.
You shoot an arrow. The arrow closely misses the hornet.
The hornet barely misses you. The hornet stings you.
You shoot an arrow. The arrow closely misses the hornet.
The hornet stings you!
The hornet stings you but does no damage.
You shoot an arrow. The arrow misses the hornet.
The hornet stings you! The hornet stings you.
You shoot an arrow.
The arrow hits the hornet but does no damage.
The hornet is moderately wounded.
The hornet stings you but does no damage.
You shoot an arrow.
The arrow hits the hornet but does no damage.
The hornet is moderately wounded.
You hear the brisk hiss of a very distant avalanche of sand.
The hornet stings you but does no damage.
The hornet barely misses you.
You shoot an arrow.
The arrow hits the hornet but does no damage.
The hornet is moderately wounded.
The hornet stings you. x2
You shoot an arrow. The arrow hits the hornet.
The hornet is heavily wounded.
The hornet stings you but does no damage.
You shoot an arrow. The arrow closely misses the hornet.
The hornet stings you! The hornet stings you.
3993 ||| READING scroll of teleportation.
As you read the scroll of teleportation, it crumbles to dust.
You feel strangely unstable. The hornet barely misses you.
You shoot an arrow. The arrow closely misses the hornet.
The hornet barely misses you. The hornet stings you!
You die...

#............######.#.#####
#......#.#####......#).....
#......#..............#####
#......#####..........#
#######......## #.#>....#..#
...............
........#....
.#.............
..#.....#..##.
#......############.#####..#
.# #......# #.@y...... #..#
# #..)...#######.#.##.._.
.).. #..............#.# .
################.# .# .# .#
.#


You could see a hornet.

Vanquished Creatures
  An ogre (D:5)
  2 phantoms (D:4)
  A jelly (D:5)
  A hound (D:4)
  A gnoll bouda (D:4)
  An iguana (D:4)
  Natasha (D:3)
  3 gnolls (D:4)
  6 adders
  A worm (D:3)
  2 dart slugs (D:4)
  2 orcs
  3 ball pythons
  3 endoplasms
  3 giant cockroaches
  4 goblins
  3 hobgoblins
  6 kobolds
  2 quokkas
  4 bats
  5 frilled lizards
  5 rats
60 creatures vanquished.

Vanquished Creatures (others)
  An adder (D:3)
1 creature vanquished.

Grand Total: 61 creatures vanquished

Notes
Turn   | Place    | Note
-------+----------+-------------------------------------------
     0 | D:1      | qw the Gargoyle Hunter began the quest for the Orb.
     0 | D:1      | Reached XP level 1. HP: 12/12 MP: 1/1
     0 | D:1      | 0 ||| qw: Version: 0.3-a-75-g829b12e
     0 | D:1      | 0 ||| qw: Game counter: 82
     0 | D:1      | 0 ||| qw: Melee chars always use a shield: true
     0 | D:1      | 0 ||| qw: God list: Okawaru
     0 | D:1      | 0 ||| qw: Allow faded altars: false
     0 | D:1      | 0 ||| qw: Do Orc after clearing Dungeon:15 true
     0 | D:1      | 0 ||| qw: Do second Lair branch before Depths: true
     0 | D:1      | 0 ||| qw: Lair rune preference: random
     0 | D:1      | 0 ||| qw: Goals: Normal
     0 | D:1      | 0 ||| PLANNING D:1-11
   124 | D:1      | Reached XP level 2. HP: 17/17 MP: 2/2
   593 | D:1      | 593 ||| UPGRADING to +0 pair of boots.
   598 | D:1      | 598 ||| UPGRADING to +0 ring mail.
   608 | D:1      | 608 ||| DROPPING +0 leather armour.
   631 | D:1      | 631 ||| UPGRADING to amulet of guardian spirit.
   636 | D:1      | 636 ||| UPGRADING to ring of protection from cold.
   637 | D:1      | 637 ||| READING scroll labelled RUSCHO KODA.
   638 | D:1      | 638 ||| READING scroll labelled QESUKO KAIDUM.
   639 | D:1      | 639 ||| DROPPING scroll of butterflies.
   691 | D:2      | Reached skill level 1 in Armour
   691 | D:2      | Reached XP level 3. HP: 19/21 MP: 3/3
  1505 | D:2      | 1505 ||| UPGRADING to +0 pair of gloves.
  1510 | D:2      | 1510 ||| READING scroll labelled WOXKYE FIPHIF.
  1511 | D:2      | 1511 ||| READING scroll labelled ROSKIOHALE.
  1512 | D:2      | 1512 ||| READING scroll labelled PAOTSI BISIYTZ.
  1517 | D:2      | 1517 ||| DRINKING 2 bubbling silvery potions.
  1905 | D:3      | Reached skill level 5 in Ranged Weapons
  1978 | D:3      | Noticed Natasha
  1984 | D:3      | Killed Natasha
  1985 | D:3      | Reached skill level 3 in Fighting
  1985 | D:3      | Reached XP level 4. HP: 28/28 MP: 4/4
  2186 | D:3      | Found an ancient bone altar of Kikubaaqudgha.
  2285 | D:3      | 2285 ||| READING scroll labelled SUDONINUFF.
  2286 | D:3      | 2286 ||| READING scroll labelled HOCONW AMOA.
  2287 | D:3      | 2287 ||| DRINKING 2 golden potions.
  2287 | D:3      | Gained mutation: You are dopey. (Int -2) [potion of
                  | mutation]
  2354 | D:4      | Found a staircase to the Ecumenical Temple.
  2355 | D:4      | 2355 ||| PLANNING TEMPLE
  2355 | D:4      | 2355 ||| UPGRADING to ring of positive energy.
  2371 | Temple   | Found a transporter.
  2371 | Temple   | Found a transporter.
  2371 | Temple   | Found a transporter.
  2371 | Temple   | Found a transporter.
  2371 | Temple   | Entered the Ecumenical Temple
  2372 | Temple   | 2372 ||| PLANNING D:1-11
  2435 | D:4      | Found a sacrificial altar of Ru.
  2435 | D:4      | Noticed a phantom
  2448 | D:4      | Killed a phantom
  2449 | D:4      | Reached XP level 5. HP: 25/32 MP: 3/5
  2477 | D:4      | Noticed a phantom
  2479 | D:4      | 2479 ||| Stepping ~*~*~tactically~*~*~ (retreating).
  2481 | D:4      | 2481 ||| Stepping ~*~*~tactically~*~*~ (retreating).
  2486 | D:4      | Reached skill level 6 in Ranged Weapons
  2491 | D:4      | Killed a phantom
  2492 | D:4      | Reached XP level 6. HP: 34/38 MP: 3/6
  2651 | D:4      | 2651 ||| Stepping ~*~*~tactically~*~*~ (outnumbered).
  2653 | D:4      | 2653 ||| Stepping ~*~*~tactically~*~*~ (outnumbered).
  2666 | D:4      | HP: 5/38 [gnoll/+0 halberd[a gnoll bouda] (9)]
  2667 | D:4      | 2667 ||| READING scroll of teleportation.
  2668 | D:4      | 2668 ||| Stepping ~*~*~tactically~*~*~ (outnumbered).
  3164 | D:4      | HP: 7/38 [gnoll/+0 halberd of protection[a gnoll bouda]
                  | (11)]
  3607 | D:4      | 3607 ||| READING 2 scrolls labelled SIKHOI IPHESILA.
  3608 | D:4      | 3608 ||| DRINKING 2 fuming amethyst potions.
  3626 | D:5      | Entered Level 5 of the Dungeon
  3627 | D:5      | 3627 ||| PLANNING OSSUARY
  3651 | D:5      | Reached skill level 7 in Ranged Weapons
  3651 | D:5      | Reached XP level 7. HP: 12/43 MP: 2/7
  3881 | D:5      | Identified the +9 short sword of Pauneg {venom, Fly rPois}
  3977 | D:5      | Found a snail-covered altar of Cheibriados.
  3978 | D:5      | Noticed a hornet
  3992 | D:5      | HP: 2/43 [hornet (11)]
  3993 | D:5      | 3993 ||| READING scroll of teleportation.
  3994 | D:5      | Mangled by a hornet

Levels and vault maps discovered:
D:1:      lightli_molten_gateway, layout_loops_ring
D:2:      layout_basic
D:3:      layout_basic, nicolae_kikubaaqudgha_miasma_corner, eino_tiny_chamber,
          dreamdust_princess_corridor, uniq_natasha
D:4:      layout_basic, nicolae_ru_sacrificial_ziggurat,
          minmay_temple_entry_junction
D:5:      minmay_skewed_foursquare, layout_basic, cheibriados_altar_1,
          enter_ossuary_5, ebering_dispersal_statue_hall, minmay_fountain_box
Temple:   hellmonk_temple_divided_pantheon

Skill      XL: |  1  2  3  4  5  6  7 |
---------------+----------------------+-----
Armour         | 1 2 |  2.2
Ranged Weapons | 5 6 7 |  7.3
Fighting       | 3 4 |  4.3
Dodging        | |  1.5
Stealth        | |  1.1

Action                     |  1- 3 |  4- 6 |  7- 9 || total
---------------------------+-------+-------+-------++-------
   Fire: Shortbow          |   101 |   149 |    26 ||   276
    Use: Scroll            |     5 |     4 |     1 ||    10
         Potion            |     1 |     2 |       ||     3
 Armour: Leather armour    |     6 |       |       ||     6
         Ring mail         |    27 |    58 |    16 ||   101
  Dodge: Dodged            |    37 |    60 |     8 ||   105

Table legend:
 A = Non-vault XP
 B = Vault XP
 C = Vault XP percentage of total XP
 D = Non-vault monster count
 E = Vault monster count
 F = Vault count percentage of total count
                 A         B        C        D         E       F
            +---------+---------+-------+---------+---------+-------
      Total |     693 |      35 |   4.8 |      59 |       1 |   1.7
            +---------+---------+-------+---------+---------+-------
        D:1 |      21 |       0 |   0.0 |      14 |       0 |   0.0
        D:2 |      29 |       0 |   0.0 |      10 |       0 |   0.0
        D:3 |      34 |      35 |  50.7 |      13 |       1 |   7.1
        D:4 |     425 |       0 |   0.0 |      19 |       0 |   0.0
        D:5 |     184 |       0 |   0.0 |       3 |       0 |   0.0
            +---------+---------+-------+---------+---------+-------
